 Dungeon Crawl Stone Soup version 0.28.0-53-g5a82cb258f (webtiles) character file.

Game seed: 3153139478556693933

253538 Infinimo the Shatterer (level 20, -7/136 HPs)
             Began as a Gargoyle Berserker on June 16, 2022.
             Was a High Priest of Trog.
             Killed from afar by a hell hog (17 damage)
             ... with a fireball
             ... on level 3 of the Depths on June 17, 2022.
             The game lasted 01:01:12 (43376 turns).

Infinimo the Shatterer (Gargoyle Berserker)        Turns: 43376, Time: 01:01:12

Health: -7/136     AC: 46    Str: 35    XL:     20   Next: 15%
Magic:  7/29       EV:  8    Int:  4    God:    Trog [*****.]
Gold:   1829       SH: 15    Dex:  9    Spells: 19/19 levels left

rFire   + . .      SeeInvis +   y - +4 demon whip (flame)
rCold   + + +      Faith    .   D - +2 kite shield
rNeg    + . .      Spirit   .   v - +0 plate armour {rC+}
rPois   ∞          Reflect  .   r - +1 helmet
rElec   +          Harm     .   H - +2 cloak {rCorr}
rCorr   +          Rampage  .   t - +3 Mad Mage's Maulers {Infuse+∞ RegenMP Int-3}
Will    +....                   p - +0 pair of boots
Stlth   ..........              d - amulet of regeneration
HPRegen 1.12/turn               C - ring of Raligac {rC++ MP+9 Str+2 SInv}
MPRegen 0.61/turn               f - ring of protection from fire

@: on berserk cooldown, flying, slowed, very slow
A: sickness immunity, AC +15, big wings, negative energy resistance 1,
electricity resistance, torment resistance 1, petrification resistance, talons
1, strong 1
}: 1/15 runes: gossamer
a: Renounce Religion, Berserk, Trog's Hand, Brothers in Arms


You were on level 3 of the Depths.
You worshipped Trog.
Trog was extremely pleased with you.
You visited 5 branches of the dungeon, and saw 30 of its levels.
You also visited: Ossuary.

You collected 4688 gold pieces.
You spent 2859 gold pieces at shops.

Inventory:

Hand Weapons
 y - a +4 demon whip of flaming (weapon)
Missiles
 w - a throwing net (quivered)
Armour
 p - a +0 pair of boots (worn)
 r - a +1 helmet (worn)
 t - the +3 Mad Mage's Maulers (worn) {Infuse+∞ RegenMP Int-3}
   (You bought it in a shop on level 2 of the Orcish Mines)

   It empowers its wearer's blows with all of their magic.
   It causes its wearer's magical reserves to regenerate more quickly.
   Int:       It affects your intelligence (-3).
 v - a +0 plate armour of cold resistance (worn)
 D - a +2 kite shield (worn)
 H - a +2 cloak of preservation (worn)
 O - a scarf of resistance
Jewellery
 c - a ring of positive energy
 d - an amulet of regeneration (around neck)
 f - a ring of protection from fire (right hand)
 l - a ring of willpower
 A - a ring of magical power
 C - the ring of Raligac (left hand) {rC++ MP+9 Str+2 SInv}
   (You took it off an efreet on level 10 of the Dungeon)

   [ring of magical power]

   Str:       It affects your strength (+2).
   rC:        It greatly protects you from cold.
   MP:        It affects your magic capacity (+9).
   SInv:      It lets you see invisible.
 M - a +6 ring of dexterity
Wands
 a - a wand of digging (9)
 i - a wand of mindburst (11)
 n - a wand of iceblast (11)
 B - a wand of flame (54)
 G - a wand of polymorph (23)
 J - a wand of acid (10)
 R - a wand of paralysis (5)
Scrolls
 b - 26 scrolls of identify
 k - 2 scrolls of magic mapping
 o - 8 scrolls of vulnerability
 E - 4 scrolls of enchant weapon
 F - 3 scrolls of enchant armour
 K - a scroll of torment
 L - a scroll of teleportation
 P - a scroll of holy word
Potions
 e - 5 potions of might
 g - 8 potions of ambrosia
 h - 2 potions of resistance
 j - 11 potions of mutation
 m - 7 potions of magic
 q - 2 potions of heal wounds
 s - 5 potions of berserk rage
 u - 13 potions of curing
 x - 3 potions of flight
 z - 2 potions of brilliance
 I - 3 potions of invisibility
 N - a potion of cancellation
 Q - a potion of haste


   Skills:
 + Level 18.1 Fighting
 * Level 22.7 Maces & Flails
 + Level 18.0 Armour
 - Level 1.5 Dodging
 + Level 17.3 Shields


You had 19 spell levels left.
You didn't know any spells.
Your spell library was empty.

Dungeon Overview and Level Annotations

Branches:
Dungeon (15/15)            Temple (0/1) D:7            Lair (6/6) D:8
 Shoals (0/4) Lair:2       Spider (4/4) Lair:4        Slime (0/5) Lair:6
    Orc (2/2) D:10            Elf (0/3) Orc:2        Vaults (0/5) D:13
 Depths (3/4) D:15        Ossuary (visited)

Altars:
Cheibriados
Dithmenos
Elyvilon
Fedhas
Gozag
Nemelex Xobeh
Ru
Trog
Uskayaw
Xom
Yredelemnul

Shops:
D:9 *   Orc:2 (!([(   Depths:1 [((=   Depths:2 (   Depths:3 *

Portals:
Hell: Depths:1 Depths:2 Depths:3
Abyss: Depths:2 Depths:3
Pandemonium: Depths:1 Depths:2
Ziggurat: Depths:2


Innate Abilities, Weirdness & Mutations

You are immune to sickness and miasma.
Your stone body is resilient. (AC +15)
You are immune to poison.
Your large and strong wings let you fly.
You resist negative energy. (rN+)
You are resistant to electric shocks. (rElec)
You are resistant to unholy torment.
You are immune to petrification.
You have sharp toenails.
Your muscles are strong. (Str +2)


Message History

The fire giant is almost dead.
The juggernaut hits you. You block the juggernaut's attack.
The fire giant hits you with a +0 great sword of flaming!
* * * LOW HITPOINT WARNING * * *
The fire giant burns you.
* * * LOW HITPOINT WARNING * * *
You whack the fire giant!
You feel the power of Trog in you as your rage grows.
You kill the fire giant!
Trog accepts your kill.
Trog appreciates your killing of a magic user.
The titan hits you!
* * * LOW HITPOINT WARNING * * *
Your life force feels restored.
Your Armour skill increases to level 18!
You feel a strong urge to attack something.
You feel your anger nearly subside.
You are no longer berserk.
You are exhausted.
You feel yourself slow down.
The titan waves its arms in wide circles.
The air twists around and strikes you!
* * * LOW HITPOINT WARNING * * *
As you read the scroll of teleportation, it crumbles to dust.
You feel strangely unstable. The juggernaut hits you!!
* * * LOW HITPOINT WARNING * * *
You block the juggernaut's attack.
Your surroundings suddenly seem different.
A hell knight, 2 hell hogs and a hellion come into view.
The hell knight is wielding the +5 demon trident of the Hidden Vale {elec, rC+ Str+4 Int+2 Dex+5}.
Found a gateway to Hell.
The hell knight shouts!
The hell hog squeals angrily. x4
The hellion gives a hideous shriek!
The hell hog squeals angrily.
The hell hog breathes fire at you.
The fireball explodes!
The fireball engulfs you but does no damage.
The hell knight mumbles some strange words.
The hell knight seems to speed up.
The hell hog breathes fire at you.
The fireball explodes!
The fireball engulfs you! You resist.
You die...

'.#.###+###.........
###.##.......≈§...≈≈≈≈§§....
###.##.......§§≈≈.≈ ≈≈≈≈≈≈..
..#.##..........≈§≈≈.h.§≈≈...
..'.##..........≈≈§≈...p≈§≈..
..####.....#.....§≈≈h§.§§§§§..
.................§≈≈2..≈≈§....###
##########.###....≈§hh.§§§.......
#..##..@.≈≈h≈≈≈.....##.#
#.##.....≈§≈≈≈......... ###
#....§...≈≈§§§....###.. ..######
#..§......≈§.....##.... .......#
#..§§§.....≈.....##.#.# .......#
##.!§≈.......)...##)#.# .......#
#.§≈≈≈...........#.#.#
#......#####..§≈≈...........(.#.#
#).................(..........#.#


You could see a hell knight (fast), 5 hell hogs and a hellion.

Vanquished Creatures
  the Enchantress (Depths:1)
  3 hellephants (Depths:2)
  Rupert (D:13)
  3 liches
  A titan (Depths:3)
  Asterion (Spider:1)
  Kirke (D:15)
  A shadow dragon (Depths:3)
  Roxanne (D:14)
  7 fire giants
  3 frost giants
  Aizul (Spider:2)
  4 ghost moths
  3 emperor scorpions
  3 spriggan defenders
  4 broodmothers
  7 very ugly things (Depths:2)
  10 stone giants
  2 deep elf annihilators (Depths:2)
  Nessos (D:14)
  A vampire knight (Depths:1)
  5 entropy weavers
  2 dire elephants (Spider:3)
  A spark wasp (Spider:2)
  3 ettins
  A blizzard demon (Depths:1)
  6 fire dragons
  The ghost of Peloso the Carver, a journeyman MiFi of Okawaru (D:11)
  A naga warrior (Depths:3)
  4 great orbs of eyes
  13 hydras
  6 boulder beetles
  5 ice dragons
  Fannar (Lair:2)
  A spriggan air mage (Depths:1)
  2 rakshasas
  5 jorogumos
  8 vault guards (D:13)
  6 centaur warriors
  A death knight (D:15)
  10 two-headed ogres
  6 deep troll shamans
  The ghost of Robocop the Cleaver, a novice HOFi of Trog (D:9)
  A radroach (Spider:1)
  2 ogre magi (Orc:2)
  2 catoblepae
  6 death scarabs (Spider:4)
  6 hell hogs (Depths:2)
  5 deep troll earth magi
  A spriggan berserker (Depths:1)
  A spectral emperor scorpion (Spider:4)
  3 soul eaters (Depths:3)
  6 death yaks (Lair:2)
  11 hell knights
  4 spriggans (Depths:3)
  A sun demon (Depths:3)
  12 iron trolls
  2 sixfirhies (Depths:1)
  11 pharaoh ants
  A skeletal warrior (D:10)
  A glowing orange brain (Depths:1)
  A goliath frog (Lair:6)
  3 sun moths
  18 deep trolls
  6 steelbarb worms
  A glowing orange brain (shapeshifter) (Depths:2)
  13 orb spiders
  A deep elf archer (Spider:3)
  A spectral jorogumo (Spider:4)
  3 phantasmal warriors
  A golden dragon skeleton (Depths:1)
  3 deep elf zephyrmancers (Depths:2)
  A tengu skeleton (Depths:1)
  14 ugly things
  An orc knight (D:14)
  2 wolf spider zombies (Spider:4)
  11 wizards
  13 cyclopes
  A spectral wolf spider (Spider:4)
  An orc sorcerer (Depths:2)
  4 necromancers (Depths:1)
  2 deep elf pyromancers
  A fire giant zombie (Depths:1)
  8 manticores
  16 wolf spiders
  3 moths of wrath
  4 elephants (Lair:2)
  2 iron dragon skeletons (Depths:1)
  2 salamanders (Depths:3)
  A rust devil (Depths:1)
  A merfolk siren (Lair:2)
  3 centaur zombies
  6 black mambas
  3 smoke demons (Depths:3)
  3 torpor snails
  9 spectral redbacks (Spider:4)
  22 cane toads
  5 unseen horrors
  A torpor snail (shapeshifter) (Depths:3)
  6 komodo dragons
  3 demonic crawlers
  6 rime drakes
  A spark wasp simulacrum (Depths:1)
  4 tengu conjurers
  A kobold demonologist (Depths:2)
  A redback zombie (Spider:4)
  2 efreet
  3 freezing wraiths
  A red devil (Depths:1)
  9 meliai
  A queen bee (Spider:4)
  14 trolls
  2 tyrant leeches (Lair:6)
  A sphinx simulacrum (Depths:1)
  4 polar bears
  A spectral tarantella (Spider:4)
  A wolf spider simulacrum (D:15)
  A spectral culicivora (Spider:4)
  29 tarantellas
  5 hornets
  A jumping spider zombie (Spider:4)
  A fire giant simulacrum (Depths:1)
  A raiju (Spider:3)
  22 blink frogs
  3 slime creatures
  A shadow dragon simulacrum (Depths:1)
  3 culicivora zombies (Spider:4)
  A tarantella zombie (Spider:4)
  7 dream sheep (Lair:4)
  18 jumping spiders
  3 wyverns
  16 culicivoras
  2 vampires (D:11)
  A centaur simulacrum (D:14)
  2 shadows (D:11)
  A hog (D:15)
  6 wraiths
  A water elemental (D:14)
  65 yaks
  4 steam dragons
  10 vampire mosquitoes
  3 basilisks
  34 redbacks
  A tengu zombie (Depths:1)
  A naga (Depths:3)
  5 wargs
  An acid dragon (D:10)
  12 water moccasins
  2 floating eyes
  9 orc warriors
  2 sky beasts
  2 black bears
  An ice beast (D:6)
  A necrophage (D:7)
  15 wolves
  5 boggarts
  20 ogres
  9 centaurs
  5 kobold brigands
  3 phantoms
  25 bullfrogs
  2 gnoll sergeants
  A scorpion (D:5)
  21 killer bees
  9 wights (D:10)
  8 electric eels
  2 howler monkeys
  2 hounds (D:5)
  A human zombie (Ossuary)
  Crazy Yiuf (D:3)
  13 orc priests
  2 jellies (D:7)
  A bullfrog skeleton (D:7)
  4 iguanas
  A scorpion zombie (D:5)
  Ijyb (D:5)
  17 orc wizards
  A hound zombie (D:5)
  3 mummies (Ossuary)
  2 hound skeletons (D:4)
  Robin (D:2)
  A howler monkey zombie (D:9)
  11 gnolls
  5 adders
  A white imp (D:6)
  2 ufetubi
  A worm (D:2)
  2 dart slugs
  49 orcs
  5 ball pythons
  9 endoplasms
  3 giant cockroaches
  A gnoll zombie (Ossuary)
  9 hobgoblins
  11 kobolds
  A quokka (D:4)
  12 bats
  3 frilled lizards
  19 goblins
  3 goblin zombies (Ossuary)
  A jackal zombie (D:7)
  3 kobold zombies
  An orc zombie (Ossuary)
  2 rats (D:1)
  A rat zombie (D:7)
1085 creatures vanquished.

Vanquished Creatures (collateral kills)
  A spriggan defender (Depths:1)
  A spriggan (Depths:1)
  A glowing orange brain (Depths:1)
  A hornet (Depths:1)
4 creatures vanquished.

Vanquished Creatures (others)
  A deep elf knight (Spider:3)
  A wizard (Depths:2)
  A meliai zombie (D:10)
  A blink frog (Lair:5)
  3 humans (D:15)
  30 fungi
  201 plants
238 creatures vanquished.

Grand Total: 1327 creatures vanquished

Notes
Turn   | Place    | Note
-------+----------+-------------------------------------------
     0 | D:1      | Infinimo the Gargoyle Berserker began the quest for the
                  | Orb.
     0 | D:1      | Reached XP level 1. HP: 14/14 MP: 1/1
   338 | D:1      | Found a faded altar of an unknown god.
   613 | D:1      | Reached XP level 2. HP: 19/19 MP: 2/2
  1228 | D:2      | Reached XP level 3. HP: 23/23 MP: 3/3
  1902 | D:2      | Reached skill level 4 in Maces & Flails
  1902 | D:2      | Reached XP level 4. HP: 29/29 MP: 4/4
  2025 | D:2      | Noticed an ogre
  2033 | D:2      | Killed an ogre
  2034 | D:2      | Reached XP level 5. HP: 26/33 MP: 5/5
  2235 | D:2      | Noticed Robin
  2239 | D:2      | Killed Robin
  2241 | D:2      | Reached ** piety under Trog
  3068 | D:3      | Found a bloodstained altar of Trog.
  3124 | D:3      | Found a runed translucent door.
  3125 | D:3      | Noticed Crazy Yiuf
  3133 | D:3      | Killed Crazy Yiuf
  3134 | D:3      | Reached skill level 5 in Maces & Flails
  3134 | D:3      | Reached XP level 6. HP: 39/39 MP: 6/6
  3535 | D:4      | Noticed a black bear
  3550 | D:4      | Killed a black bear
  3855 | D:4      | Reached skill level 5 in Fighting
  3855 | D:4      | Reached XP level 7. HP: 44/44 MP: 7/7
  3860 | D:4      | Reached skill level 6 in Maces & Flails
  4345 | D:4      | Gained mutation: You occasionally shout uncontrollably at
                  | your foes. [potion of mutation]
  4525 | D:5      | Entered Level 5 of the Dungeon
  4660 | D:5      | Found a snail-covered altar of Cheibriados.
  4743 | D:5      | Reached skill level 5 in Armour
  4743 | D:5      | Reached skill level 1 in Shields
  4860 | D:5      | Reached XP level 8. HP: 43/51 MP: 8/8
  4935 | D:5      | Reached skill level 7 in Maces & Flails
  5015 | D:5      | Noticed Ijyb
  5032 | D:5      | Killed Ijyb
  5127 | D:5      | Noticed a yak
  5128 | D:5      | Noticed a yak
  5129 | D:5      | Noticed a yak
  5156 | D:5      | Killed a yak
  5160 | D:5      | Killed a yak
  5166 | D:5      | Killed a yak
  5982 | D:6      | Reached skill level 8 in Maces & Flails
  6040 | D:6      | Reached XP level 9. HP: 56/56 MP: 9/9
  7365 | D:7      | Found a staircase to the Ecumenical Temple.
  7442 | D:7      | Found a sand-covered staircase.
  7456 | Ossuary  | Entered an ossuary
  8560 | D:7      | Reached *** piety under Trog
  8817 | D:8      | Found a sacrificial altar of Ru.
  8867 | D:8      | Reached skill level 9 in Maces & Flails
  9421 | D:8      | Reached skill level 5 in Shields
  9696 | D:8      | Found a staircase to the Lair.
  9727 | D:8      | Reached XP level 10. HP: 64/64 MP: 10/10
 10731 | D:9      | Reached skill level 10 in Maces & Flails
 10890 | D:9      | Found a runed translucent gate.
 10890 | D:9      | Found a runed translucent gate.
 10894 | D:9      | Found a runed translucent gate.
 10894 | D:9      | Found an opulent altar of Gozag.
 10895 | D:9      | Found Yjoklenoirph's Assorted Antiques.
 10895 | D:9      | Noticed Robocop's ghost (novice HOFi)
 10896 | D:9      | Noticed a two-headed ogre
 11437 | D:9      | Reached skill level 11 in Maces & Flails
 11731 | D:9      | Killed a two-headed ogre
 11732 | D:9      | Reached XP level 11. HP: 71/71 MP: 11/11
 11753 | D:9      | Killed Robocop's ghost
 11889 | D:9      | Bought a masterwork great mace for 207 gold pieces
 11889 | D:9      | Identified the +2 great mace of Fimbulwinter {flame, rC+
                  | Str+8} (You bought it in a shop on level 9 of the Dungeon)
 11889 | D:9      | Bought a glowing scale mail for 126 gold pieces
 11995 | D:10     | Entered Level 10 of the Dungeon
 12068 | D:10     | Found a staircase to the Orcish Mines.
 12152 | D:10     | Noticed a manticore
 12189 | D:10     | Killed a manticore
 12443 | D:10     | Noticed a brown ugly thing
 12524 | D:10     | Killed a brown ugly thing
 12756 | D:10     | Identified the ring of Raligac {rC++ MP+9 Str+2 SInv}
 12765 | D:10     | Reached skill level 12 in Maces & Flails
 12883 | D:10     | Identified the +12 hunting sling of Exquisite Death
                  | {vorpal, rPois rF- Str+3 Stlth+}
 12940 | D:10     | Noticed a seven-headed hydra
 12952 | D:10     | Killed a seven-headed hydra
 12972 | D:10     | Noticed a six-headed hydra
 13007 | D:10     | Killed a six-headed hydra
 13111 | D:10     | Noticed a five-headed hydra
 13121 | D:10     | Reached skill level 10 in Fighting
 13126 | D:10     | Killed a five-headed hydra
 13227 | D:10     | Noticed a skeletal warrior
 13557 | D:10     | Found a basalt altar of Yredelemnul.
 13783 | D:10     | Reached XP level 12. HP: 64/77 MP: 12/12
 13938 | D:10     | You fall into a shaft and drop 2 floors!
 13953 | D:12     | Reached **** piety under Trog
 14060 | D:12     | Noticed a boulder beetle
 14090 | D:11     | Killed a boulder beetle
 14091 | D:11     | Reached skill level 10 in Armour
 14383 | D:11     | Reached skill level 13 in Maces & Flails
 14611 | D:11     | Found a runed translucent gate.
 14611 | D:11     | Found a runed translucent gate.
 14612 | D:11     | Found a runed translucent gate.
 15863 | D:11     | Noticed Peloso's ghost (journeyman MiFi)
 15924 | D:10     | Found a blossoming altar of Fedhas.
 16284 | D:10     | Found a hide-covered altar of Uskayaw.
 16659 | Lair:1   | Entered Level 1 of the Lair of Beasts
 16671 | Lair:1   | Noticed a seven-headed hydra
 16677 | Lair:1   | Noticed a five-headed hydra
 17142 | D:8      | Killed a seven-headed hydra
 17241 | D:8      | Reached skill level 14 in Maces & Flails
 17361 | D:8      | Killed a five-headed hydra
 17362 | D:8      | Reached XP level 13. HP: 84/84 MP: 13/13
 17682 | Lair:1   | Reached skill level 10 in Shields
 18740 | Lair:2   | Noticed Fannar
 18757 | Lair:2   | Killed Fannar
 19264 | Lair:2   | Reached skill level 15 in Maces & Flails
 19690 | Lair:2   | Found a staircase to the Shoals.
 20940 | Lair:3   | Gained mutation: Your large and strong wings let you fly.
                  | [Gargoyle growth]
 20940 | Lair:3   | Reached XP level 14. HP: 86/92 MP: 14/14
 21521 | Lair:4   | Found a shimmering altar of Xom.
 22450 | Lair:4   | Found a hole to the Spider Nest.
 22717 | Lair:5   | Reached skill level 16 in Maces & Flails
 23392 | Lair:6   | Entered Level 6 of the Lair of Beasts
 23642 | Lair:6   | Reached ***** piety under Trog
 24147 | Lair:6   | Found a staircase to the Slime Pits.
 24345 | Lair:6   | Found a shadowy altar of Dithmenos.
 24449 | Lair:6   | Reached XP level 15. HP: 99/99 MP: 15/15
 25065 | D:11     | Killed Peloso's ghost
 25508 | D:12     | Reached skill level 17 in Maces & Flails
 26329 | D:13     | Found a gate to the Vaults.
 26576 | D:13     | Noticed Rupert
 26579 | D:13     | Paralysed by Rupert for 2 turns
 26629 | D:13     | Killed Rupert
 26792 | D:13     | Received a gift from Trog
 27224 | D:14     | Noticed Roxanne
 27252 | D:14     | Killed Roxanne
 27475 | D:14     | Noticed a fire giant
 27506 | D:14     | Killed a fire giant
 27619 | D:14     | Identified the +7 dire flail of the Arena {vorpal, rElec
                  | Dex+3}
 27680 | D:14     | Identified the +5 kite shield of Starshine {*Slow rPois
                  | rN++ Stlth+}
 27781 | D:14     | Noticed Nessos
 27894 | D:14     | Reached skill level 18 in Maces & Flails
 28654 | D:15     | Entered Level 15 of the Dungeon
 28721 | D:15     | Noticed Kirke
 28745 | D:15     | Killed Kirke
 28746 | D:15     | Reached XP level 16. HP: 107/107 MP: 15/16
 28911 | D:15     | Found a staircase to the Depths.
 29683 | D:14     | Killed Nessos
 29796 | Orc:1    | Entered Level 1 of the Orcish Mines
 30037 | Orc:2    | Entered Level 2 of the Orcish Mines
 30701 | Orc:2    | Found Eptekkow's Weapon Boutique.
 30708 | Orc:2    | Found Xujesarph's Weapon Boutique.
 30723 | Orc:2    | Found Neynamp's Armour Shoppe.
 30745 | Orc:2    | Found Fipipsip's Distillery.
 30749 | Orc:2    | Bought the +3 Mad Mage's Maulers {Infuse+∞ RegenMP Int-3}
                  | for 600 gold pieces
 30749 | Orc:2    | Found the +3 Mad Mage's Maulers {Infuse+∞ RegenMP Int-3}
 30767 | Orc:2    | Bought a potion of haste for 130 gold pieces
 30767 | Orc:2    | Bought a potion of heal wounds for 65 gold pieces
 30767 | Orc:2    | Bought a potion of heal wounds for 65 gold pieces
 30788 | Orc:2    | Found Fude Ewn's Weapon Shop.
 30935 | Orc:2    | Found a staircase to the Elven Halls.
 31323 | Spider:1 | Entered Level 1 of the Spider Nest
 31661 | Lair:4   | Reached skill level 15 in Fighting
 31944 | Spider:1 | Reached skill level 19 in Maces & Flails
 31976 | Spider:1 | You are sucked into a shaft and drop 1 floor!
 31976 | Spider:2 | Noticed Aizul
 32000 | Spider:2 | Killed Aizul
 32445 | Spider:1 | Noticed Asterion
 32449 | Spider:1 | Reached skill level 15 in Armour
 32483 | Spider:1 | Received a gift from Trog
 32926 | Spider:1 | Noticed an Executioner
 32933 | Spider:1 | Killed Asterion
 33340 | Spider:2 | Reached XP level 17. HP: 113/113 MP: 1/17
 33776 | Spider:2 | Lost mutation: You occasionally shout uncontrollably at
                  | your foes. [potion of mutation]
 33776 | Spider:2 | Gained mutation: Your muscles are strong. (Str +2) [potion
                  | of mutation]
 33776 | Spider:2 | Gained mutation: You have sharp toenails. [potion of
                  | mutation]
 34965 | Spider:3 | Reached skill level 20 in Maces & Flails
 35068 | Spider:4 | Entered Level 4 of the Spider Nest
 35202 | Spider:4 | Reached skill level 15 in Shields
 35513 | Spider:4 | Received a gift from Trog
 36371 | Spider:4 | Reached XP level 18. HP: 120/120 MP: 1/18
 36590 | Spider:4 | Identified the +0 hat "Onucis" {Int+4 Dex+4}
 36627 | Spider:4 | Got a gossamer rune of Zot
 37613 | Depths:1 | Entered Level 1 of the Depths
 37700 | Depths:1 | Found a one-way gate leading to the halls of Pandemonium.
 37907 | Depths:1 | Found a sparkling altar of Nemelex Xobeh.
 38150 | Depths:1 | Reached skill level 21 in Maces & Flails
 38403 | Depths:1 | Received a gift from Trog
 38652 | Depths:1 | Found a gateway to Hell.
 38787 | Depths:1 | Paralysed by a vampire knight for 5 turns
 38847 | Depths:1 | Noticed the Enchantress
 38974 | Depths:1 | Killed the Enchantress
 39034 | Depths:1 | Found Taaclit's Jewellery Emporium.
 39034 | Depths:1 | Found Kishreili's Antique Armour Shoppe.
 39035 | Depths:1 | Found Redomy's Antique Weapon Emporium.
 39040 | Depths:1 | Found Ijerosun's Antique Weapon Shoppe.
 39057 | Depths:1 | Bought a glowing helmet for 210 gold pieces
 39057 | Depths:1 | Bought a glowing plate armour for 728 gold pieces
 39057 | Depths:1 | Bought a runed plate armour for 728 gold pieces
 39512 | Depths:1 | Noticed a lich
 39516 | Depths:1 | Killed a lich
 39696 | Depths:2 | Found a one-way gateway to a ziggurat.
 39762 | Depths:2 | Reached XP level 19. HP: 103/128 MP: 0/19
 39928 | Depths:2 | Found a one-way gate to the infinite horrors of the Abyss.
 40042 | Depths:2 | Noticed a hellephant
 40042 | Depths:2 | Noticed a hellephant
 40055 | Depths:2 | Noticed a hellephant
 40072 | Depths:2 | Killed a hellephant
 40193 | Depths:2 | Found a white marble altar of Elyvilon.
 40408 | Depths:2 | Identified the +4 morningstar of Shrieking Terror {vorpal,
                  | Will+ Dex+4} (Trog gifted it to you on level 2 of the
                  | Depths)
 40408 | Depths:2 | Received a gift from Trog
 40722 | Depths:2 | Found Tunosk's Weapon Emporium.
 40742 | Depths:2 | Reached skill level 22 in Maces & Flails
 41381 | Depths:2 | Paralysed by a floating eye for 3 turns
 41409 | Depths:2 | Killed a hellephant
 41964 | Depths:2 | Killed a hellephant
 42151 | Depths:3 | Received a gift from Trog
 42734 | Depths:3 | Found Hontufeb's Serpentskin Sales.
 42748 | Depths:3 | Reached XP level 20. HP: 103/136 MP: 0/20
 43352 | Depths:3 | Noticed a juggernaut
 43373 | Depths:3 | HP: 5/136 [juggernaut (27)]
 43376 | Depths:3 | Identified the +5 demon trident of the Hidden Vale {elec,
                  | rC+ Str+4 Int+2 Dex+5}
 43376 | Depths:3 | Killed from afar by a hell hog

Illustrated notes

Levels and vault maps discovered:
D:1:      roderic_crop_circles_arrival_small, layout_loops_ring,
          hellmonk_ecumenical_altar_inner_sanctum, minmay_pentomino_t2
D:2:      layout_loops_cross, kennysheep_generic_room_15, uniq_robin
D:3:      layout_rooms, trog_three_pillars_becter, uniq_crazy_yiuf_cottage
D:4:      minmay_recursive_quarters, layout_basic
D:5:      layout_basic, nicolae_overflow_crystal_walls, minivault_25, uniq_ijyb
D:6:      layout_layer_cave, nicolae_zen_rock_garden, corner_web_ring
D:7:      layout_cave_pods, minmay_temple_entry_statues_fountains,
          enter_ossuary_3
D:8:      layout_loops_corners, overflow_temple_1_default,
          erik_lair_orcish_takeover
D:9:      layout_basic, ebering_ghost_gozag
D:10:     minmay_the_grid_octo_tiled_squarecenter [minmay_the_grid_octo_toaster,
          minmay_the_grid_octo_clover, minmay_the_grid_octo_odd_swirl,
          minmay_the_grid_octo_empty,
          minmay_the_grid_square_5x5_megaprize_crossed,
          minmay_the_grid_square_5x5_seven,
          minmay_the_grid_square_5x5_pentomino_r,
          minmay_the_grid_square_5x5_spiral_small,
          minmay_the_grid_square_5x5_fancy_junction], layout_loops_corners,
          lemuel_crystal_altar, mainiacjoe_overflow_two_lobes, minivault_19
D:11:     layout_basic, gauntlet_entry_generic, gammafunk_ghost_spectres,
          hangedman_batty
D:12:     layout_cave_pools, portal_ice_cave_entry_pillars_1
D:13:     layout_basic, erik_vaults_2, grunt_ministairs_12, uniq_rupert
D:14:     layout_irregular_city, minmay_strange_pillars, kennysheep_path_1,
          minmay_checkered_concentric_circles, uniq_nessos, uniq_roxanne
D:15:     grunt_enter_depths_hoard, layout_loops_ring, serial_bayou_lagoon_a,
          uniq_kirke
Lair:1:   layout_long_grid, grunt_megastairs_1
Lair:2:   layout_chaotic_city, minmay_shoals_entry_lonely_mermaid,
          grunt_megastairs_5, infiniplex_staircase_pool, uniq_fannar
Lair:3:   layout_regular_city, lightli_volcano_entry_magma_tube,
          nicolae_quartered_pool_medium, lemuel_fruit_tree, serial_bayou_shore_a
Lair:4:   layout_roguey, spider_nest_entry_a, basic_altar, grunt_megastairs_4,
          lemuel_fruit_fields
Lair:5:   layout_loops_ring
Lair:6:   minmay_lair_end_frog_pond, layout_small_grid, dpeg_slime_entry_corner,
          basic_altar, serial_bayou_shore_b, infiniplex_staircase_pool_2,
          serial_bayou_shore_b
Spider:1: layout_spider_delve, uniq_asterion
Spider:2: layout_spider_delve, uniq_aizul
Spider:3: layout_spider_delve, beargit_elvish_explorers
Spider:4: floodkiller_spider_rune_tomb, special_room [special_room_bee],
          nicolae_spider_orb_run
Orc:1:    layout_diamond_mine, basic_altar, serial_shops, uniq_jorgrun,
          uniq_nergalle, uniq_erica
Orc:2:    st_orc_open, layout_diamond_mine, serial_shops, shop
Depths:1: layout_roguey, rand_demon_pan_entry_8, nemelex_lonely_heart_becter,
          hell_entry, chequers_serial_rivers_micro_b, minmay_librarian,
          serial_bayou_shore_b, firewood_loft, minmay_shoptagon,
          uniq_enchantress
Depths:2: minmay_tri_stars, layout_basic, enter_ziggurat_b, elyvilon_altar_1,
          marbit_kobold_abyss_entry, serial_shops, nicolae_square_shop,
          grunt_hell_horde, pan_entry
Depths:3: minmay_fractal_lines_corner, layout_basic, abyss_entry, hellmouth_3,
          guppyfry_shop_venom, grunt_megastairs_2, minmay_staircase_statues

Skill      XL: |  1  2  3  4  5  6  7  8  9 10 11 12 13 14 15 16 17 18 19 20 |
---------------+-------------------------------------------------------------+-----
Maces & Flails | 4 5 6 8 9 11 12 14 15 16 18 19 20 21 22 | 22.7
Armour         | 3 4 5 6 7 8 9 10 12 13 14 15 16 17 18 | 18.0
Fighting       | 4 5 6 7 9 10 11 12 13 14 15 16 17 18 | 18.1
Shields        | 1 3 5 6 8 9 11 12 13 14 15 16 17 | 17.3
Dodging        | |  1.5

Action                   |  1- 3 |  4- 6 |  7- 9 | 10-12 | 13-15 | 16-18 | 19-21 || total
-------------------------+-------+-------+-------+-------+-------+-------+-------++-------
Melee: Mace              |    94 |    81 |       |       |       |       |       ||   175
       Punch             |     1 |     3 |     1 |       |       |       |       ||     5
       Flail             |       |    31 |   451 |   692 |  1743 |   612 |       ||  3529
       Unarmed           |       |       |       |       |     3 |       |       ||     3
       Morningstar       |       |       |       |       |       |  1066 |       ||  1066
       Demon whip        |       |       |       |       |       |   218 |   622 ||   840
Invok: Berserk           |     4 |     7 |    16 |    26 |    43 |    52 |    11 ||   159
       Trog's Hand       |       |       |       |       |     2 |     1 |       ||     3
       Brothers in Arms  |       |       |       |       |       |     3 |       ||     3
Evoke: Wand              |       |       |       |       |     2 |       |       ||     2
  Use: Scroll            |       |     5 |     6 |     8 |    11 |    11 |     2 ||    43
       Potion            |       |       |     6 |     2 |     5 |     8 |       ||    21
 Stab: Sleeping          |     1 |       |       |       |       |       |       ||     1
       Invisible         |       |       |       |       |     7 |       |       ||     7
       Held in net/web   |       |       |       |       |       |     1 |       ||     1
Armor: Animal skin       |    46 |    53 |    80 |       |       |       |       ||   179
       Skin              |       |       |    11 |       |       |       |       ||    11
       Scale mail        |       |       |   131 |    90 |       |       |       ||   221
       Plate armour      |       |       |       |   407 |  1264 |  1574 |   272 ||  3517
Dodge: Dodged            |    59 |    67 |   200 |   289 |   588 |   598 |    94 ||  1895
Block: Buckler           |       |       |    76 |   149 |   465 |   116 |       ||   806
       Kite shield       |       |       |       |       |       |  1187 |   264 ||  1451
